 Dungeon Crawl Stone Soup version 0.28-a0-653-g7e9dba17c3 (webtiles) character file.

Game seed: 10639388914372940997

21 meatgazer the Fighter (level 2, -5/33 HPs)
             Began as a Gnoll Wanderer on Oct 11, 2021.
             Was a Follower of Wu Jian.
             Slain by Sigmund (8 damage)
             ... on level 2 of the Dungeon.
             The game lasted 00:02:37 (1191 turns).

meatgazer the Fighter (Gnoll Wanderer)              Turns: 1191, Time: 00:02:37

Health: -5/33      AC:  2    Str:  9    XL:     2   Next: 87%
Magic:  2/2        EV: 12    Int: 11    God:    Wu Jian [*.....]
Gold:   38         SH:  0    Dex: 13    Spells: 2/2 levels left

rFire   . . .      SeeInvis .   a - +2 dagger
rCold   . . .      Faith    .   (no shield)
rNeg    . . .      Spirit   .   f - +0 robe
rPois   .          Reflect  .   (no helmet)
rElec   .          Harm     .   (no cloak)
rCorr   .          Rampage  .   (no gloves)
Will    .....                   (no boots)
Stlth   +.........              (no amulet)
HPRegen 0.11/turn               (no ring)
MPRegen 0.08/turn               (no ring)

@: confused
A: fangs 1, strong nose, distributed training
a: Renounce Religion


You were on level 2 of the Dungeon.
You worshipped Wu Jian.
Wu Jian was aware of your devotion.
You visited 1 branch of the dungeon, and saw 2 of its levels.

You collected 38 gold pieces.

Inventory:

Hand Weapons
 a - a +2 dagger (weapon)
 c - a +0 shortbow
Missiles
 b - 3 curare-tipped darts (quivered)
 d - 22 arrows
Armour
 f - a +0 robe (worn)
Scrolls
 g - a scroll of identify {unknown}
 k - 2 scrolls of teleportation {unknown}
 l - a scroll of fear {unknown}
Potions
 e - 2 potions of curing
 h - 2 potions of might {unknown}
 i - a potion of mutation {unknown}
 j - a potion of haste {unknown}


   Skills:
 + Level 8.5 Fighting
 + Level 0.5 Short Blades
 + Level 0.5 Long Blades
 + Level 0.5 Axes
 + Level 0.5 Maces & Flails
 + Level 0.5 Polearms
 + Level 0.5 Staves
 + Level 0.5 Slings
 + Level 6.5 Bows
 + Level 0.5 Crossbows
 + Level 2.5 Throwing
 + Level 0.5 Armour
 + Level 2.5 Dodging
 + Level 0.5 Stealth
 + Level 0.5 Shields
 + Level 0.5 Unarmed Combat
 + Level 0.5 Spellcasting
 + Level 0.4 Conjurations
 + Level 0.4 Hexes
 + Level 0.4 Summonings
 + Level 0.4 Necromancy
 + Level 0.4 Translocations
 + Level 0.4 Transmutations
 + Level 0.4 Fire Magic
 + Level 0.4 Ice Magic
 + Level 0.4 Air Magic
 + Level 0.4 Earth Magic
 + Level 0.4 Poison Magic
 + Level 0.7 Invocations
 + Level 2.5 Evocations


You had 2 spell levels left.
You didn't know any spells.
Your spell library contained the following spells:

 Spells                   Type           Power      Damage    Failure   Level
 Ozocubu's Armour         Ice            1%         N/A       65%         3
 Metabolic Englaciation   Hex/Ice        0%         N/A       100%        5
 Simulacrum               Ice/Necr       0%         N/A       100%        6


Dungeon Overview and Level Annotations

Branches:
Dungeon (2/15)

Altars:
Wu Jian

Annotations:
D:2 Sigmund


Innate Abilities, Weirdness & Mutations

You have very sharp teeth.
Your uncanny sense of smell can sniff out nearby items.
Your experience applies equally to all skills.


Message History

You can't go down here!
Unknown command.
(D) Dungeon
Where to? (Enter - D:1 @ (x,y), ? - help)
There is a stone staircase leading down here.
You climb downwards.
Found 8 gold pieces.
There is a stone staircase leading up here.
Found a stone staircase leading down.
No target in view!
You now have 29 gold pieces (gained 8).
You now have 38 gold pieces (gained 9).
Sigmund the Dreaded comes into view.
He is wielding a +0 scythe.
Sigmund shouts!
You shoot an arrow.
The arrow hits Sigmund but does no damage.
Sigmund hits you from afar with a +0 scythe!
a - a +2 dagger (weapon)
Okay, then.
Sigmund barely misses you.
You barely miss Sigmund. You hit Sigmund.
Sigmund is lightly wounded.
Sigmund gestures at you while chanting.
You are confused.
You barely miss Sigmund.
Sigmund is lightly wounded.
Sigmund hits you with a +0 scythe.
You bump into the rock wall.
Sigmund hits you with a +0 scythe.
You hit Sigmund but do no damage. You bite Sigmund, but do no damage.
Sigmund is lightly wounded.
You closely miss Sigmund.
Sigmund is lightly wounded.
Sigmund mumbles some strange words.
Sigmund flickers and vanishes!
Deactivating autopickup; reactivate with Ctrl-A.
You closely miss something. Your bite misses something. Something hits you!
* * * LOW HITPOINT WARNING * * *
You closely miss something. Something hits you!
You die...

######.##..#####
##.......#..#...
.........#..#.###
...............<#
........#...#####..
##......#..........
#......##..#####.
#########..####
##>@{.# ####.# ..
... ..# ##


There were no monsters in sight!

Vanquished Creatures
  5 endoplasms (D:1)
  2 giant cockroaches (D:1)
  A goblin (D:1)
  3 hobgoblins (D:1)
  3 kobolds (D:1)
  A quokka (D:1)
  2 frilled lizards (D:1)
17 creatures vanquished.

Notes
Turn   | Place    | Note
-------+----------+-------------------------------------------
     0 | D:1      | meatgazer the Gnoll Wanderer began the quest for the Orb.
     0 | D:1      | meatgazer set off with the following items: a +2 dagger, 3
                  | curare-tipped darts, a +0 shortbow, 25 arrows, a potion of
                  | curing, a +0 robe
     0 | D:1      | Reached XP level 1. HP: 26/26 MP: 1/1
   187 | D:1      | Reached XP level 2. HP: 18/33 MP: 2/2
   760 | D:1      | Found a faded altar of an unknown god.
   799 | D:1      | Prayed at the altar of an unknown god.
   799 | D:1      | Became a worshipper of the Wu Jian Council
   799 | D:1      | Reached * piety under Wu Jian
  1180 | D:2      | Noticed Sigmund
  1191 | D:2      | Slain by Sigmund

Illustrated notes

Levels and vault maps discovered:
D:1:      wheals_arrival_shading, layout_loops_ring,
          shapermc_ecumenical_altar_pompeii, palyth_stone_intersect,
          minmay_tripent
D:2:      layout_basic, uniq_sigmund

Action                   || total
-------------------------++-------
Melee: Dagger            ||    19
       Bite              ||     1
 Fire: Shortbow          ||    39
Armor: Robe              ||     1
Dodge: Dodged            ||    10

Table legend: (Time is in decaauts)
 A = Elapsed time spent in this place.
 B = Non-inter-level travel time spent in this place.
 C = Inter-level travel time spent in this place.
 D = Time resting spent in this place.
 E = Time spent auto-exploring this place.
 F = Levels seen in this place.
 G = Mean time per level.
                   A        B        C        D        E       F      G
               +--------+--------+--------+--------+--------+-----+--------+
         Total |   1188 |   1138 |     50 |    329 |    690 |   2 |  594.0 |
       Dungeon |   1188 |   1138 |     50 |    329 |    690 |   2 |  594.0 |
               +--------+--------+--------+--------+--------+-----+--------+

Top non-repeatable levels by time:
     D:1: 1162 daAuts
     D:2: 26 daAuts
